Map: Lost and Found LE

Players

Elazer - Winner!

  • Race: Zerg Zerg
  • League: Grandmaster
  • Spawn Location: 1:00

DeMusliM

  • Race: Terran Terran
  • League: Master
  • Spawn Location: 7:00

Event: HomeStory Cup XVII

VOD

Have the link to the VOD?

Description

Time

  • Played on: June 29, 2018, 6:33 a.m.
  • Length: 13:48

All games in this series

Show
View Real Time Build Order
Export as new Build Order

Elazer Zerg - Winner!

Build Orders: Pool First 

Get SALT Encoding   

  12  0:00  Drone  
  13  0:10  Drone  
  14  0:16  Drone, Extractor  
  14  0:31  Spawning Pool  
  14  0:35  Drone  
  14  0:44  Overlord  
  14  0:51  Drone, Extractor  
  15  1:02  Drone  
  16  1:18  Zergling x6  
  19  1:20  Metabolic Boost  
  19  1:29  Zergling x2  
  20  1:40  Zergling x2  
  20  1:45  Hatchery  
  20  1:51  Overlord  
  20  2:03  Queen  
  22  2:14  Zergling x4  
  24  2:26  Zergling x2  
  25  2:36  Drone  
  25  2:43  Queen  
  26  2:44  Drone  
  27  2:55  Drone  
  27  2:57  Drone  
  29  2:58  Queen  
  31  3:06  Drone  
  31  3:08  Overlord  
  32  3:13  Drone x2  
  32  3:14  Drone  
  32  3:18  Drone  
  36  3:26  Hatchery  
  35  3:29  Drone  
  35  3:31  Drone  
  35  3:34  Drone  
  37  3:40  Overlord  
  37  3:42  Drone  
  38  3:52  Drone x4  
  42  4:01  Drone  
  43  4:05  Queen  
  43  4:07  Drone  
  47  4:10  Drone  
  47  4:11  Drone  
  47  4:12  Drone  
  47  4:15  Overlord  
  47  4:16  Drone  
  50  4:25  Drone x2  
  50  4:29  Overlord  
  52  4:33  Zergling x4  
  52  4:37  Spore Crawler  
  53  4:40  Spore Crawler, Drone  
  53  4:41  Queen x2  
  57  4:46  Spore Crawler  
  57  4:47  Drone x4  
  57  4:50  Zergling x2  
  57  4:52  Zergling x2  
  62  4:56  Overlord  
  62  4:58  Drone  
  62  4:59  Drone x2  
  65  5:00  Drone  
  65  5:04  Drone x2  
  68  5:09  Overlord  
  68  5:10  Drone  
  69  5:14  Drone  
  69  5:15  Drone, Evolution Chamber  
  69  5:16  Evolution Chamber  
  69  5:17  Drone, Extractor  
  69  5:20  Overlord  
  69  5:26  Overlord  
  69  5:27  Drone x3  
  73  5:28  Drone  
  73  5:32  Drone x2  
  75  5:37  Overlord  
  75  5:38  Drone x2  
  75  5:39  Drone  
  78  5:43  Zerg Ground Armor Level 1  
  78  5:45  Zerg Melee Weapons Level 1  
  78  5:46  Extractor  
  78  5:48  Drone x2  
  78  5:50  Drone  
  78  5:51  Drone  
  78  5:53  Drone x2  
  78  5:54  Drone x2, Extractor  
  78  5:56  Drone x2  
  85  6:09  Extractor  
  85  6:10  Hatchery  
  85  6:11  Overlord, Lair  
  83  6:16  Drone x2  
  83  6:17  Baneling Nest, Zergling x6  
  87  6:29  Drone  
  87  6:30  Hatchery  
  87  6:32  Zergling x12  
  93  6:36  Zergling x8  
  97  6:42  Zergling x4  
  99  6:49  Overlord  
  99  6:51  Zergling x2  
  99  6:52  Zergling x2  
  101  6:56  Overlord  
  101  7:00  Baneling  
  101  7:01  Baneling x5  
  101  7:02  Zergling x12  
  101  7:05  Overlord  
  101  7:08  Burrow  
  105  7:11  Centrifical Hooks  
  105  7:12  Overlord  
  105  7:14  Overlord  
  104  7:19  Drone x5  
  109  7:23  Hydralisk Den, Drone  
  109  7:24  Baneling x5  
  109  7:26  Drone x2  
  109  7:29  Drone  
  112  7:33  Drone  
  112  7:35  Drone  
  114  7:40  Zerg Ground Armor Level 2, Zerg Melee Weapons Level 2  
  114  7:45  Zergling x10  
  114  7:46  Zergling x2  
  120  7:52  Zergling x2, Hatchery  
  120  7:53  Zergling x10  
  120  7:57  Muscular Augments, Drone  
  126  8:01  Drone x5  
  126  8:03  Baneling x5  
  131  8:12  Zergling x18  
  140  8:15  Zergling x2  
  140  8:16  Zergling x8  
  140  8:19  Zergling x6  
  129  8:27  Zergling x10  
  134  8:39  Overlord  
  134  8:45  Drone x5  
  134  8:47  Infestation Pit, Drone  
  134  8:48  Hydralisk, Drone x2, Extractor  
  140  8:49  Hydralisk x7  
  140  8:52  Hydralisk x2  
  156  9:10  Grooved Spines  
  156  9:13  Hydralisk x5  
  156  9:16  Hydralisk x3  
  166  9:20  Zergling x8  
  166  9:21  Zergling x8  
  179  9:30  Zergling x2  
  179  9:31  Zergling x6  
  179  9:34  Overlord x3, Hive  
  179  9:40  Zergling x2  
  179  9:41  Zergling x2  
  173  9:46  Zergling x14  
  169  9:54  Zergling x2  
  169  9:55  Zergling x20  
  171  10:01  Zergling x6  
  171  10:02  Zergling x6  
  172  10:07  Zergling x2  
  172  10:14  Hydralisk x7  
  168  10:19  Zergling x16  
  179  10:25  Zergling x8  
  165  10:33  Zerg Missile Weapons Level 1  
  158  10:42  Zergling x18  
  157  10:48  Adrenal Glands  
  157  10:49  Zerg Ground Armor Level 3  
  140  10:50  Hydralisk x4, Ultralisk Cavern  
  140  10:54  Baneling x3  
  140  10:55  Baneling x5  
  140  11:01  Baneling x2  
  136  11:04  Hydralisk x3  
  136  11:05  Zergling x20  
  136  11:06  Zergling x2  
  152  11:19  Baneling x5  
  152  11:20  Hatchery  
  152  11:24  Zergling x36  
  169  11:31  Baneling x4  
  169  11:32  Zergling x8  
  173  11:38  Zergling x2  
  173  11:39  Zergling x10  
  163  11:49  Zergling x2  
  163  11:50  Zergling x28  
  163  11:53  Chitinous Plating  
  177  11:54  Ultralisk  
  177  11:57  Ultralisk  
  177  11:59  Zergling x6  
  186  12:04  Baneling x7  
  186  12:05  Zergling x10  
  190  12:11  Zergling x8  
  194  12:20  Baneling  
  194  12:21  Baneling x3  
  194  12:25  Viper  
  194  12:27  Overlord  
  197  12:33  Overlord  
  194  12:44  Overlord  
  171  12:54  Baneling, Zergling x42  
  171  12:55  Baneling  
  171  13:00  Ultralisk  
  171  13:01  Ultralisk, Zergling x2  
  171  13:02  Zergling x10  
  189  13:11  Zergling x12  
  195  13:15  Spire  
  195  13:16  Extractor  
  193  13:20  Overlord  
  193  13:25  Baneling x9  
  171  13:34  Hatchery  
Show
View Real Time Build Order
Export as new Build Order

DeMusliM Terran 

Build Orders: Reaper Expand, Bio Tank, Hellion Banshee 

Get SALT Encoding   

  12  0:01  SCV  
  13  0:13  SCV  
  14  0:17  Supply Depot  
  14  0:25  SCV  
  15  0:38  SCV  
  15  0:41  Barracks  
  16  0:44  Refinery  
  16  0:50  SCV  
  17  1:02  SCV  
  18  1:14  SCV  
  19  1:28  Orbital Command  
  19  1:34  Reaper  
  19  1:38  Command Center  
  20  1:48  Supply Depot  
  20  1:53  SCV  
  21  2:05  SCV  
  21  2:06  Marine  
  23  2:11  Factory  
  23  2:17  SCV  
  24  2:29  SCV  
  25  2:30  Marine  
  25  2:33  Command Center  
  26  2:42  SCV  
  26  2:48  Supply Depot  
  26  2:49  Barracks Reactor  
  26  2:54  SCV  
  26  2:56  Hellion  
  29  3:00  Starport  
  29  3:06  SCV  
  30  3:18  SCV  
  31  3:25  Command Center  
  31  3:30  Hellion x2, SCV  
  36  3:35  Barracks Tech Lab  
  36  3:40  Refinery  
  36  3:42  SCV  
  36  3:45  Orbital Command  
  37  3:51  Hellion  
  40  3:55  SCV  
  40  4:00  Banshee  
  40  4:02  Orbital Command  
  43  4:06  Hellion  
  43  4:07  SCV  
  43  4:08  Barracks Tech Lab  
  46  4:15  Hellion  
  48  4:21  SCV  
  49  4:29  SCV  
  50  4:34  Marine, SCV  
  50  4:35  Stimpack  
  50  4:38  Orbital Command  
  52  4:41  SCV  
  53  4:46  SCV  
  53  4:48  Barracks  
  53  4:52  Starport Reactor  
  54  4:53  SCV, Barracks  
  54  4:54  Marine  
  54  4:59  SCV  
  57  5:05  SCV x2  
  57  5:06  Engineering Bay  
  59  5:08  Engineering Bay  
  59  5:11  Supply Depot  
  59  5:12  Marine, SCV  
  61  5:18  SCV  
  62  5:23  SCV  
  62  5:26  Refinery x2  
  63  5:30  Marine, Siege Tank  
  63  5:31  SCV x2  
  63  5:33  Terran Infantry Weapons Level 1  
  63  5:34  Supply Depot  
  69  5:37  Terran Infantry Armor Level 1, Marine  
  69  5:38  Starport Reactor  
  69  5:39  SCV  
  71  5:46  Orbital Command  
  71  5:48  SCV x2  
  73  5:53  Marine  
  74  5:59  Supply Depot  
  74  6:00  Barracks, SCV x2  
  74  6:01  Barracks  
  76  6:06  Marine x4  
  76  6:07  Siege Tank  
  84  6:11  SCV  
  84  6:12  SCV  
  84  6:16  Supply Depot  
  85  6:20  Marine  
  85  6:21  Supply Depot, SCV  
  85  6:23  SCV  
  85  6:24  Marine, SCV  
  90  6:27  Supply Depot  
  90  6:28  Marine  
  90  6:29  Marine x2  
  93  6:35  Combat Shields  
  93  6:37  Armory  
  93  6:38  Supply Depot, SCV x3  
  96  6:43  Marine x2  
  96  6:45  Refinery  
  98  6:50  Barracks Reactor x2, SCV x3  
  98  6:52  Siege Tank  
  104  6:58  Marine x2  
  104  6:59  Marine  
  104  7:00  Supply Depot  
  107  7:02  SCV x3  
  107  7:04  Medivac x2  
  107  7:06  Marine x2  
  116  7:14  SCV  
  117  7:16  Marine x2, SCV x2  
  121  7:23  Command Center, Supply Depot, Marine  
  121  7:24  Supply Depot, Marine  
  121  7:26  Terran Vehicle And Ship Armor Level 1  
  121  7:28  Marine  
  121  7:29  Terran Infantry Weapons Level 2  
  124  7:34  Terran Infantry Armor Level 2  
  124  7:36  Marine  
  125  7:37  Marine x2  
  127  7:44  Marine  
  127  7:45  Marine x4  
  127  7:46  Medivac x2  
  127  7:50  Refinery  
  136  7:51  SCV x2  
  136  7:52  Supply Depot  
  136  7:54  Supply Depot  
  136  7:55  Marine x2  
  140  7:58  Siege Tank  
  140  8:03  Marine x2  
  140  8:04  Marine x2  
  140  8:05  Marine  
  148  8:11  Supply Depot, Marine  
  148  8:12  Supply Depot  
  149  8:14  Marine x2  
  149  8:16  Medivac  
  153  8:21  Marine  
  153  8:22  Marine  
  153  8:26  Marine x3  
  152  8:28  Medivac  
  152  8:30  Siege Tank  
  152  8:33  Barracks  
  158  8:35  Barracks x2  
  158  8:38  Factory, Marine  
  159  8:44  Marine x3  
  159  8:45  Marauder  
  164  8:50  Medivac  
  164  8:51  Supply Depot, Marine x2  
  164  8:52  Marine x2  
  164  8:53  SCV  
  164  8:55  SCV x2  
  173  8:57  Marine  
  173  8:58  Medivac  
  173  9:01  Marine  
  177  9:03  Siege Tank  
  177  9:05  Marine x2  
  177  9:06  Marine, SCV  
  177  9:09  Marine  
  172  9:11  SCV x2  
  172  9:13  Planetary Fortress  
  174  9:18  Marine x4, SCV  
  174  9:23  SCV x2  
  181  9:27  Marine x3  
  181  9:28  Barracks Tech Lab x3, Marauder  
  181  9:31  Marine  
  176  9:36  Marine x2  
  179  9:39  Factory Tech Lab, Siege Tank  
  179  9:42  Marine  
  147  9:47  Marine, Marauder  
  147  9:48  Marauder  
  147  9:49  Terran Infantry Weapons Level 3, Marine x2, Marauder  
  155  9:58  Marine  
  155  9:59  Marauder, Marine x2  
  142  10:01  Marine  
  142  10:03  Marine  
  142  10:05  Siege Tank  
  144  10:09  Marauder  
  144  10:10  Marauder x2  
  144  10:11  Marine x3  
  153  10:16  Marine  
  153  10:20  Marauder, SCV x2  
  153  10:21  Marine  
  142  10:25  Marine x3  
  142  10:26  SCV x2  
  123  10:28  Marine  
  123  10:30  Marauder  
  123  10:31  Marauder, Marine  
  123  10:32  Marauder  
  123  10:33  Marine  
  114  10:38  Marine  
  114  10:39  Marine  
  114  10:42  Marauder  
  104  10:43  Marine x2  
  104  10:44  SCV x2  
  104  10:46  Marine  
  97  10:50  SCV x2  
  97  10:51  Marauder  
  97  10:52  Marauder  
  97  10:53  Marauder  
  97  10:56  SCV  
  97  10:57  Marine, SCV  
  106  11:00  Marine  
  106  11:03  Marauder, Siege Tank  
  113  11:05  SCV  
  113  11:06  Marine  
  113  11:09  Medivac  
  113  11:10  SCV x2  
  119  11:13  Marauder  
  119  11:14  Marine, Marauder  
  124  11:19  SCV  
  124  11:23  Siege Tank  
  124  11:24  Medivac, Marine  
  131  11:28  Marine, Marauder  
  131  11:31  SCV  
  131  11:32  SCV  
  136  11:34  Marine  
  136  11:35  Supply Depot x2, Marauder  
  137  11:50  Marine  
  137  11:51  Marauder, Marine  
  137  11:52  Marauder  
  137  11:53  Concussive Shells  
  143  11:54  Marine  
  143  11:55  Marauder, Marine  
  143  11:56  Marauder  
  149  12:02  Marine x2  
  149  12:04  Medivac x2  
  149  12:08  Marine x3  
  156  12:12  Marauder  
  156  12:13  Marauder  
  162  12:16  Marine x2  
  162  12:17  Marauder  
  162  12:19  Siege Tank  
  169  12:23  Supply Depot  
  169  12:24  Marine  
  169  12:25  Marauder  
  172  12:31  Marine  
  172  12:34  Supply Depot  
  173  12:37  Marine  
  172  12:45  Marauder  
  158  12:57  Marine x2, Marauder  
  144  13:02  Command Center  
  144  13:03  Marine, Marauder  
  147  13:08  Marine x3  
  147  13:09  Marauder  
  147  13:10  Marine  
  153  13:18  Missile Turret  
  153  13:19  Marine  
  156  13:20  Marauder  
  156  13:25  Marine, Marauder  
Tags
 
Add a new tag
Caveats
  • Supply blocks, unpowered buildings, or Contaminate may cause inaccurate times.
  • Supply counts are checked every 10 seconds.